 Dungeon Crawl Stone Soup version 0.22-a0-803-gd6d8abeff0 (webtiles) character file.

11273 Htamos the Protected (level 11, 0/101 HPs)
             Began as a Minotaur Berserker on July 22, 2018.
             Was a High Priest of Trog.
             Killed by vampiric draining
             ... invoked by Josephine
              (15 damage)
             ... on level 10 of the Dungeon.
             The game lasted 00:16:42 (10661 turns).

Htamos the Protected (Minotaur Berserker)          Turns: 10661, Time: 00:16:43

Health: 0/101      AC: 20    Str: 24    XL:     11   Next: 47%
Magic:  3/3        EV: 11    Int:  4    God:    Trog [*****.]
Gold:   511        SH:  3    Dex: 11    Spells: 10/10 levels left

rFire    . . .     SeeInvis .   O - +1 battleaxe (antimagic)
rCold    . . .     Gourm    .   (shield currently unavailable)
rNeg     . . .     Faith    .   G - +0 plate armour
rPois    .         Spirit   .   (helmet restricted)
rElec    .         Reflect  +   s - +0 cloak
rCorr    .         Harm     .   e - +0 pair of gloves
MR       ++...                  H - +0 pair of boots
Stlth    ..........             i - +3 amulet of reflection
HPRegen  1.26/turn              (no ring)
MPRegen  0.08/turn              (no ring)

@: regenerating, slowed, drained, very slow
A: retaliatory headbutt, horns 2
a: Berserk, Trog's Hand, Brothers in Arms, Renounce Religion


You were on level 10 of the Dungeon.
You worshipped Trog.
Trog was extremely pleased with you.
You were not hungry.

You visited 1 branch of the dungeon, and saw 10 of its levels.

You collected 511 gold pieces.

Inventory:

Hand Weapons
 a - a +1 hand axe
 O - a +1 antimagic battleaxe (weapon)
Armour
 b - a +0 animal skin
 d - a +0 scale mail
 e - a +0 pair of gloves (worn)
 f - a +0 chain mail
 s - a +0 cloak (worn)
 G - a +0 plate armour (worn)
 H - a +0 pair of boots (worn)
 M - a +0 buckler
Jewellery
 i - a +3 amulet of reflection (around neck)
 k - a cursed amulet of inaccuracy
 n - an uncursed ring of magical power {unknown}
 u - an uncursed ring of positive energy {unknown}
 x - a +4 ring of evasion {unknown}
 A - an uncursed amulet of rage {unknown}
 C - an uncursed ring of stealth {unknown}
 D - a cursed ring of teleportation {unknown}
 I - an uncursed amulet of harm {unknown}
Wands
 v - a wand of polymorph (23)
 J - a wand of random effects (3)
 N - a wand of iceblast (8)
 Q - a wand of flame (13)
Scrolls
 j - 2 scrolls of immolation
 l - 5 scrolls of remove curse
 p - 4 scrolls of teleportation
 r - 3 scrolls of fog
 t - 2 scrolls of fear {unknown}
 w - 2 scrolls of enchant weapon
 y - 4 scrolls of identify
 F - a scroll of amnesia {unknown}
 L - 2 scrolls of enchant armour {unknown}
Potions
 g - 2 potions of flight {unknown}
 h - a potion of agility {unknown}
 m - a potion of curing {unknown}
 o - 2 potions of might {unknown}
 q - 3 potions of degeneration {unknown}
 z - a potion of lignification {unknown}
 B - 2 potions of haste {unknown}
 E - 2 potions of cancellation {unknown}
 K - 2 potions of brilliance {unknown}
Comestibles
 c - 17 rations


   Skills:
 + Level 10.4(9.8) Fighting
 + Level 10.4(9.8) Axes
 * Level 13.5(12.9) Armour
 + Level 9.3(8.7) Dodging


You had 10 spell levels left.
You didn't know any spells.
Your spell library was empty.

Dungeon Overview and Level Annotations

Branches:
Dungeon (10/15)            Temple (0/1) D:4            Lair (0/6) D:8
    Orc: D:9-12

Altars:
Ashenzari
Elyvilon
Qazlal
Sif Muna
Xom

Shops:
D:5 }   D:7 }

Annotations:
D:3 exclusion: door
D:7 2 transporters
D:10 Josephine


Innate Abilities, Weirdness & Mutations

You reflexively headbutt those who attack you in melee.
You have a pair of horns on your head.


Message History

You closely miss Josephine.
Josephine is almost dead.
You slash the wraith!
You destroy the wraith!
Trog accepts your kill.
Josephine laughs insanely.
Josephine barely misses you. Josephine hits you but does no damage.
Your plate armour prevents you from hitting Josephine.
Your headbutt misses Josephine.
Josephine is almost dead.
Josephine falters for a moment.
You block Josephine's attack.
Unknown command.
You barely miss Josephine. Your headbutt misses Josephine.
Josephine is almost dead.
Josephine gestures at you while chanting.
The ghostly flame explodes!
The ghostly fireball engulfs you!
You feel drained.
* * * LOW HITPOINT WARNING * * *
The ghostly fireball engulfs Josephine.
Josephine completely resists.
Josephine is infused with unholy energy.
You die...

...........#
.?..?......#
...........#
#####......# .
#......# . #......# .#
. #......# ..# .
#...@..# ...# .
#..@...#######...#.#
#................#.#
#................#.#
..................#.#
.....#######.......#>#
....... #.......#.#
####... #.......#.#
#... #.).(...#..
#.......#..


You could see Josephine.

Vanquished Creatures
  Harold (D:10)
  A two-headed ogre (D:9)
  3 death yaks
  A troll (D:9)
  Grinder (D:6)
  Prince Ribbit (D:8)
  A hippogriff (D:7)
  13 yaks
  Sigmund (D:6)
  A wyvern (D:9)
  5 wraiths
  Menkaure (D:4)
  Edmund (D:4)
  A water moccasin (D:7)
  2 orc warriors
  2 sky beasts
  3 ice beasts
  A black bear (D:7)
  A hornet zombie (D:8)
  An eye of draining (D:9)
  2 phantoms
  7 ogres
  2 centaurs
  7 bullfrogs
  A wyvern skeleton (D:7)
  3 scorpions
  3 killer bees (D:9)
  A howler monkey (D:4)
  5 crimson imps
  2 quasits
  A bullfrog skeleton (D:9)
  A centaur zombie (D:5)
  2 jellies
  A centaur skeleton (D:9)
  5 hounds
  Crazy Yiuf (D:2)
  3 orc priests
  9 orc wizards
  3 iguanas
  Natasha (thrice) (D:2)
  2 worker ants
  2 worker ant zombies
  Robin (D:4)
  7 adders
  3 shadow imps
  2 oozes
  An adder skeleton (D:8)
  3 adder zombies
  5 worms
  A dart slug (D:1)
  6 leopard geckos
  34 orcs
  5 giant cockroaches
  8 hobgoblins
  20 jackals
  4 quokkas
  4 bats
  5 frilled lizards
  A giant cockroach zombie (D:5)
  13 goblins
  5 kobolds
  A quokka skeleton (D:6)
  19 rats
256 creatures vanquished.

Notes
Turn   | Place    | Note
-------+----------+-------------------------------------------
     0 | D:1      | Htamos the Minotaur Berserker began the quest for the Orb.
     0 | D:1      | Reached XP level 1. HP: 19/19 MP: 0/0
   253 | D:1      | Reached XP level 2. HP: 24/27 MP: 1/1
   387 | D:1      | Reached skill level 3 in Armour
   712 | D:1      | Reached ** piety under Trog
   835 | D:1      | Reached XP level 3. HP: 33/33 MP: 2/2
  1250 | D:2      | Found a runed door.
  1299 | D:2      | Noticed Natasha
  1311 | D:2      | Killed Natasha
  1311 | D:2      | Reached XP level 4. HP: 38/40 MP: 3/3
  1421 | D:2      | Reached skill level 4 in Armour
  1481 | D:2      | Noticed Natasha
  1488 | D:2      | Killed Natasha
  1498 | D:2      | Noticed Natasha
  1503 | D:2      | Killed Natasha
  1503 | D:2      | Reached XP level 5. HP: 39/47 MP: 4/4
  2116 | D:2      | Noticed Crazy Yiuf
  2122 | D:2      | Killed Crazy Yiuf
  2660 | D:3      | Reached *** piety under Trog
  2660 | D:3      | Reached skill level 5 in Armour
  2721 | D:3      | Found a deep blue altar of Sif Muna.
  3303 | D:4      | Noticed Robin
  3312 | D:4      | Reached XP level 6. HP: 55/55 MP: 5/5
  3316 | D:4      | Killed Robin
  3371 | D:4      | Noticed Menkaure
  3377 | D:4      | Killed Menkaure
  3377 | D:4      | Reached skill level 5 in Fighting
  3377 | D:4      | Reached skill level 5 in Axes
  3754 | D:4      | Found a staircase to the Ecumenical Temple.
  3760 | D:4      | Reached skill level 6 in Armour
  3760 | D:4      | Reached XP level 7. HP: 61/61 MP: 6/6
  3853 | D:4      | Noticed Edmund
  3875 | D:4      | Killed Edmund
  4311 | D:5      | Entered Level 5 of the Dungeon
  4476 | D:5      | Reached **** piety under Trog
  4476 | D:5      | Reached skill level 7 in Armour
  4544 | D:5      | Found Lishopigu's Gadget Boutique.
  4581 | D:5      | Reached skill level 5 in Dodging
  4581 | D:5      | Reached XP level 8. HP: 26/70 MP: 7/7
  4822 | D:5      | Found a stormy altar of Qazlal.
  5184 | D:5      | Reached skill level 8 in Armour
  5519 | D:6      | Noticed Sigmund
  5532 | D:6      | Killed Sigmund
  5789 | D:6      | Noticed Grinder
  5795 | D:6      | Paralysed by Grinder for 5 turns
  5804 | D:6      | Killed Grinder
  5804 | D:6      | Reached skill level 9 in Armour
  6081 | D:7      | Reached XP level 9. HP: 77/79 MP: 8/8
  6660 | D:7      | Reached skill level 10 in Armour
  6776 | D:7      | Found Qixeikana's Gadget Boutique.
  6883 | D:7      | Found a transporter.
  7121 | D:7      | Found a transporter.
  7412 | D:8      | Found a white marble altar of Elyvilon.
  7423 | D:8      | Reached ***** piety under Trog
  7830 | D:8      | Found a stormy altar of Qazlal.
  7830 | D:8      | Found a deep blue altar of Sif Muna.
  7848 | D:8      | Noticed Prince Ribbit
  8023 | D:8      | Noticed a death yak
  8025 | D:8      | Noticed a death yak
  8026 | D:8      | Found a staircase to the Lair.
  8026 | D:8      | Noticed a death yak
  8395 | D:7      | Killed a death yak
  8395 | D:7      | Reached skill level 11 in Armour
  8395 | D:7      | Reached XP level 10. HP: 90/90 MP: 9/9
  8511 | D:8      | Killed Prince Ribbit
  8649 | D:8      | Killed a death yak
  8653 | D:8      | Killed a death yak
  8655 | D:8      | Reached skill level 12 in Armour
  9440 | D:9      | Received a gift from Trog
  9440 | D:9      | Reached XP level 11. HP: 92/99 MP: 10/10
  9545 | D:9      | Found a shimmering altar of Xom.
  9546 | D:9      | Found a shimmering altar of Xom.
  9547 | D:9      | Found a shimmering altar of Xom.
  9547 | D:9      | Found a shimmering altar of Xom.
  9547 | D:9      | Found a shimmering altar of Xom.
  9547 | D:9      | Found a shimmering altar of Xom.
  9549 | D:9      | Found a shimmering altar of Xom.
  9568 | D:9      | Noticed a two-headed ogre
  9579 | D:9      | Killed a two-headed ogre
  9579 | D:9      | Reached skill level 10 in Fighting
  9656 | D:9      | Noticed an orb spider
  9656 | D:9      | an orb spider changed into a raiju
  9663 | D:9      | Reached skill level 10 in Axes
  9663 | D:9      | Reached skill level 13 in Armour
  9950 | D:9      | Found a shattered altar of Ashenzari.
 10413 | D:9      | Noticed a lindwurm
 10415 | D:9      | Noticed a queen ant
 10415 | D:9      | a lindwurm changed into a moth of wrath
 10442 | D:10     | Entered Level 10 of the Dungeon
 10496 | D:10     | Noticed Harold
 10505 | D:10     | Killed Harold
 10615 | D:10     | Noticed Josephine
 10661 | D:10     | Killed from afar by Josephine

Vault maps used:
D:1:      dpeg_arrival_ratfight
D:2:      minmay_misc_feat_tower, uniq_crazy_yiuf_cottage, uniq_natasha
D:3:      led_sif_book
D:4:      minmay_temple_entry_trees, first_ration, uniq_robin, uniq_edmund,
          uniq_menkaure
D:5:      serial_shops, nicolae_shop_window_shopping,
          nicolae_qazlal_general_emergency
D:6:      uniq_sigmund, uniq_grinder
D:7:      gammafunk_steamed_eel, serial_shops, shop_fountains, grunt_ogre_cave
D:8:      overflow_temple_1_default, grunt_temple_overflow_open,
          dpeg_lair_monsters, minmay_splitting_lines, uniq_prince_ribbit1
D:9:      xom_shifter_show, basic_altar
D:10:     uniq_josephine, uniq_harold, uniq_sonja, uniq_erolcha

Skill      XL: |  1  2  3  4  5  6  7  8  9 10 11 |
---------------+----------------------------------+-----
Armour         | 3 4 5 6 7 9 11 12 13 | 13.5
Fighting       | 4 5 6 7 8 9 10 | 10.4
Axes           | 4 5 6 7 8 9 10 | 10.4
Dodging        | 3 4 5 6 7 8 9 |  9.3

Action                   |  1- 3 |  4- 6 |  7- 9 | 10-12 || total
-------------------------+-------+-------+-------+-------++-------
Melee: Hand axe          |    86 |   125 |   413 |   134 ||   758
       Headbutt          |     7 |    21 |    86 |    61 ||   175
       Battleaxe         |       |       |       |   103 ||   103
Invok: Berserk           |     1 |     5 |     7 |     5 ||    18
       Trog's Hand       |       |       |     1 |     1 ||     2
Evoke: Wand              |       |       |     6 |     9 ||    15
  Use: Scroll            |     1 |     6 |     3 |       ||    10
  Eat: Chunk             |     1 |    12 |    18 |    11 ||    42
       Ration            |       |       |     1 |     1 ||     2
Armor: Chain mail        |    15 |    14 |    77 |       ||   106
       Animal skin       |     1 |       |       |       ||     1
       Scale mail        |    29 |    32 |       |       ||    61
       Plate armour      |       |       |   118 |   111 ||   229
Dodge: Dodged            |    51 |    48 |   164 |   151 ||   414
Block: Other             |       |    11 |    42 |    32 ||    85
       Reflection        |       |     2 |       |     1 ||     3

Table legend:
 A = Spawn XP
 B = Non-spawn XP
 C = Spawn XP percentage of total XP
 D = Spawn monster count
 E = Non-spawn monster count
 F = Spawn count percentage of total count
 G = Total turns spent on level
                    A         B        C        D         E        F      G
               +---------+---------+-------+---------+---------+-------+---------
         Total |       0 |   16105 |   0.0 |       0 |     256 |   0.0 | 10661
               +---------+---------+-------+---------+---------+-------+---------
           D:1 |       0 |      51 |   0.0 |       0 |      29 |   0.0 |   949
           D:2 |       0 |     193 |   0.0 |       0 |      23 |   0.0 |  1265
           D:3 |       0 |     112 |   0.0 |       0 |      30 |   0.0 |  1013
           D:4 |       0 |     694 |   0.0 |       0 |      27 |   0.0 |  1103
           D:5 |       0 |     813 |   0.0 |       0 |      22 |   0.0 |  1040
           D:6 |       0 |     673 |   0.0 |       0 |       8 |   0.0 |   724
           D:7 |       0 |    2476 |   0.0 |       0 |      32 |   0.0 |  1688
           D:8 |       0 |    4570 |   0.0 |       0 |      35 |   0.0 |  1394
           D:9 |       0 |    5058 |   0.0 |       0 |      45 |   0.0 |  1290
          D:10 |       0 |    1465 |   0.0 |       0 |       5 |   0.0 |   195
               +---------+---------+-------+---------+---------+-------+---------
